 Dungeon Crawl Stone Soup version 0.26.0-20-g3ca415f5b8 (webtiles) character file.

Game seed: 8489064086399555027

496 kaeus the Firebug (level 7, -1/36 HPs)
             Began as a Gargoyle Fire Elementalist on Jan 25, 2021.
             Slain by a bullfrog zombie (3 damage)
             ... on level 5 of the Dungeon.
             The game lasted 00:03:06 (4078 turns).

kaeus the Firebug (Gargoyle Fire Elementalist)      Turns: 4078, Time: 00:03:07

Health: -1/36      AC:  8    Str: 11    XL:     7   Next: 15%
Magic:  3/12       EV: 12    Int: 18    God:
Gold:   136        SH:  0    Dex: 10    Spells: 12/13 levels left

rFire    . . .     SeeInvis .   t - +0 mace (protect)
rCold    . . .     Faith    .   (no shield)
rNeg     + + .     Spirit   .   a - +0 robe
rPois    ∞         Reflect  .   r - +0 helmet
rElec    +         Harm     .   g - +0 cloak
rCorr    .         Rampage  .   (no gloves)
Will     .....     Rnd*Tele +   (no boots)
Stlth    ++........             (no amulet)
HPRegen  0.12/turn              l - ring of positive energy
MPRegen  0.13/turn              (no ring)

@: very slightly contaminated
A: blink, negative energy resistance 1, electricity resistance, teleportitis 1,
unbreathing, petrification resistance, miasma immunity, AC +4
a: Blink


You were on level 5 of the Dungeon.
You visited 1 branch of the dungeon, and saw 5 of its levels.

You collected 136 gold pieces.

Inventory:

Hand Weapons
 q - a +0 vampiric rapier
 t - a +0 mace of protection (weapon)
 x - a +2 dagger of holy wrath
Armour
 a - a +0 robe (worn)
 g - a +0 cloak (worn)
 r - a +0 helmet (worn)
Jewellery
 l - a ring of positive energy (left hand)
Wands
 o - a wand of polymorph (7)
 w - a wand of iceblast (6)
Scrolls
 b - 2 scrolls of remove curse
 h - a scroll of magic mapping {unknown}
 i - a scroll of identify
 k - a scroll of enchant weapon {unknown}
 m - 2 scrolls of amnesia {unknown}
 n - 2 scrolls of noise {unknown}
 s - 2 scrolls of enchant armour {unknown}
 u - a scroll of fog
 v - a scroll of teleportation
Potions
 c - a potion of berserk rage {unknown}
 d - 2 potions of haste {unknown}
 e - a potion of cancellation {unknown}
 f - 3 potions of curing {unknown}
 j - a potion of lignification {unknown}
 p - 2 potions of attraction {unknown}


   Skills:
 + Level 3.0 Dodging
 + Level 4.3 Stealth
 + Level 3.5 Spellcasting
 + Level 3.5 Conjurations
 + Level 4.4 Fire Magic


You had 12 spell levels left.
You knew the following spells:

 Your Spells              Type           Power        Failure   Level
a - Foxfire               Conj/Fire      68%          3%          1

Your spell library contained the following spells:

 Spells                   Type           Power        Failure   Level
 Conjure Flame            Conj/Fire      17%          9%          3
 Inner Flame              Hex/Fire       11%          19%         3
 Sticky Flame             Conj/Fire      17%          30%         4
 Fireball                 Conj/Fire      8%           63%         5


Dungeon Overview and Level Annotations

Branches:
Dungeon (5/15)
 Temple: D:4-7

Altars:
Cheibriados
Gozag
Qazlal
Sif Muna
Xom
Zin


Innate Abilities, Weirdness & Mutations

You are resistant to torment.
Your stone body is resilient. (AC +4)
You are immune to poison.
You resist negative energy. (rN+)
You are resistant to electric shocks. (rElec)
You can survive without breathing.
You are immune to petrification.
You are immune to miasma.
You can translocate small distances at will.
You are occasionally teleported next to monsters.


Message History

You have reached level 7!
Casting: Foxfire (safe; 3% risk of failure)
Confirm with . or Enter, or press ? or * to list all spells.
You conjure some foxfire!
You now have 4/12 mp.
You closely miss the bullfrog zombie.
The foxfire hits the bullfrog zombie.
The bullfrog zombie is lightly damaged.
The foxfire hits the bullfrog zombie.
The bullfrog zombie is moderately damaged.
The bullfrog zombie hits you but does no damage. x2
You barely miss the bullfrog zombie.
The bullfrog zombie is moderately damaged.
The bullfrog zombie completely misses you.
The bullfrog zombie misses you.
Casting: Foxfire (safe; 3% risk of failure)
Confirm with . or Enter, or press ? or * to list all spells.
You miscast Foxfire.
You are very lightly contaminated with residual magic.
Nothing appears to happen.
The bullfrog zombie hits you.
You die...

########## #
####........ .#
#........#####.##..
#.##..........>....
#.##..##..Z@.......
####.##..##.##.##(..#.
###........##.##.# ...
...........##.##.# .
###.##.##.###.##(#
#.##.##.# #.##.#
#.##.##.# #.##.#
#.##.##.# ......
#.##.##.. .....


You could see a bullfrog zombie.

Vanquished Creatures
  An ice beast (D:5)
  An ogre (D:4)
  A hound (D:4)
  An iguana (D:4)
  Ijyb (D:4)
  Natasha (thrice) (D:4)
  A worker ant (D:4)
  Robin (D:3)
  6 adders
  A shadow imp (D:5)
  2 adder skeletons (D:4)
  A worm (D:4)
  A leopard gecko (D:1)
  3 orcs (D:2)
  A ball python (D:2)
  2 giant cockroaches
  12 goblins
  6 hobgoblins
  5 jackals (D:3)
  3 quokkas
  4 bats
  5 frilled lizards
  2 kobolds
  A quokka skeleton (D:4)
  5 rats (D:3)
70 creatures vanquished.

Vanquished Creatures (others)
  215 foxfires
215 creatures vanquished.

Grand Total: 285 creatures vanquished

Notes
Turn   | Place    | Note
-------+----------+-------------------------------------------
     0 | D:1      | kaeus the Gargoyle Fire Elementalist began the quest for
                  | the Orb.
     0 | D:1      | Reached XP level 1. HP: 10/10 MP: 3/3
   238 | D:1      | You fall into a shaft and drop 1 floor!
   242 | D:2      | Reached XP level 2. HP: 15/15 MP: 0/5
   525 | D:2      | Reached XP level 3. HP: 14/19 MP: 2/6
  1106 | D:2      | Gained mutation: You are occasionally teleported next to
                  | monsters. [potion of mutation]
  1106 | D:2      | Gained mutation: You can translocate small distances at
                  | will. [potion of mutation]
  1376 | D:2      | Found a snail-covered altar of Cheibriados.
  1525 | D:3      | Reached XP level 4. HP: 24/24 MP: 0/7
  1638 | D:3      | Found an opulent altar of Gozag.
  1840 | D:3      | Found a stormy altar of Qazlal.
  2038 | D:3      | Found a shimmering blue altar of Sif Muna.
  2240 | D:3      | Noticed Robin
  2249 | D:3      | Killed Robin
  2776 | D:4      | Reached XP level 5. HP: 28/28 MP: 2/9
  2989 | D:4      | Noticed Natasha
  2997 | D:4      | Killed Natasha
  3099 | D:4      | Noticed an ogre
  3104 | D:4      | Killed an ogre
  3105 | D:4      | Reached XP level 6. HP: 32/32 MP: 3/10
  3405 | D:4      | Found a shimmering altar of Xom.
  3580 | D:4      | Found a glowing silver altar of Zin.
  3720 | D:4      | Noticed Natasha
  3723 | D:4      | Killed Natasha
  3756 | D:4      | Noticed Ijyb
  3769 | D:4      | Killed Ijyb
  3814 | D:4      | Noticed Natasha
  3822 | D:4      | Killed Natasha
  3982 | D:5      | Entered Level 5 of the Dungeon
  4051 | D:5      | Noticed an ice beast
  4071 | D:5      | HP: 1/32 [ice beast (14)]
  4074 | D:5      | Killed an ice beast
  4075 | D:5      | Reached XP level 7. HP: 1/36 MP: 5/12
  4078 | D:5      | Slain by a bullfrog zombie

Illustrated notes

Levels and vault maps discovered:
D:1:      mrwooster_arrival_statue_3, layout_rooms, minmay_fountain_box
D:2:      layout_loops_ring, cheibriados_altar_2
D:3:      layout_basic, grunt_qazlal_clouds, lemuel_blue_sif_altar,
          nicolae_gozag_seed_capital, serial_glass, glass_columns_a,
          glass_columns_a, glass_columns_a, glass_columns_b, glass_columns_c,
          glass_columns_a, glass_columns_c, glass_columns_c, glass_columns_b,
          glass_columns_b, glass_columns_a, glass_columns_a, glass_columns_c,
          glass_columns_a, uniq_robin
D:4:      layout_gridville, brannock_xom_greatest_gift, lemuel_doored_altar,
          uniq_natasha, uniq_ijyb
D:5:      layout_loops_ring, temple_green, trog_butcher_becter

Skill      XL: |  1  2  3  4  5  6 |
---------------+-------------------+-----
Dodging        | 2 3 |  3.0
Conjurations   | 2 3 |  3.5
Stealth        | 3 4 |  4.3
Spellcasting   | 3 |  3.5
Fire Magic     | 4 |  4.4

Action                   |  1- 3 |  4- 6 |  7- 9 || total
-------------------------+-------+-------+-------++-------
Melee: Mace              |    52 |    49 |     2 ||   103
       Hand axe          |     3 |     8 |       ||    11
 Cast: Foxfire           |    51 |   104 |     1 ||   156
  Use: Scroll            |     4 |     2 |       ||     6
       Potion            |     1 |       |       ||     1
 Stab: Sleeping          |       |     1 |       ||     1
Armor: Robe              |    22 |    27 |     2 ||    51
Dodge: Dodged            |    45 |    38 |     2 ||    85
